 Dungeon Sprint DCSS version 0.27-a0-1591-gc56fcc985a (webtiles) character file.

Game seed: 1890926851917958269

2101 mhtbhm the Cleaver (level 9, -7/90 HPs)
             Began as a Minotaur Monk on July 19, 2021.
             Was the Champion of Jiyva.
             Mangled by a shadow wraith (12 damage)
             ... in the Dungeon (Sprint VII: "The Pits").
             The game lasted 00:02:59 (525 turns).

mhtbhm the Cleaver (Minotaur Monk)                   Turns: 525, Time: 00:02:59

Health: -7/90      AC: 13    Str: 17    XL:     9   Next: 7%
Magic:  8/8        EV: 16    Int:  9    God:    Jiyva [******]
Gold:   0          SH:  0    Dex: 19    Spells: 8/8 levels left

rFire    . . .     SeeInvis .   a - +2 war axe (vorpal)
rCold    . . .     Faith    .   (no shield)
rNeg     . . .     Spirit   .   b - +3 scale mail
rPois    .         Reflect  .   (helmet restricted)
rElec    .         Harm     .   (no cloak)
rCorr    +         Rampage  .   (no gloves)
Will     .....     NoTele   +   (no boots)
Stlth    ++++......             (no amulet)
HPRegen  1.25/turn              l - +3 ring of dexterity
MPRegen  0.11/turn              m - +3 ring of dexterity

@: slowed, very slow
A: horns 2, retaliatory headbutt, iridescent scales 3, camouflage 2, clever 1,
clumsy 1, deformed body, regeneration 1, jelly absorbing missiles, MP-powered
wands, engulf, noise suppression
a: Renounce Religion, Request Jelly, Slimify, Cure Bad Mutation


You were in the Dungeon.
You worshipped Jiyva.
Jiyva was exalted by your worship.
You visited 1 branch

Inventory:

Hand Weapons
 a - a +2 vorpal war axe (weapon)
Armour
 b - a +3 scale mail (worn)
Jewellery
 l - a +3 ring of dexterity (left hand)
 m - a +3 ring of dexterity (right hand)
Scrolls
 h - a scroll of blinking
 j - 5 scrolls of amnesia
 k - a scroll of summoning
Potions
 c - 8 potions of curing
 d - 5 potions of heal wounds
 e - a potion of haste
 f - 3 potions of magic
 g - 4 potions of berserk rage
 i - 2 potions of invisibility
 n - 2 potions of might
 o - a potion of resistance


   Skills:
 + Level 11.8 Fighting
 + Level 14.4 Axes
 + Level 6.1 Armour
 + Level 11.4 Dodging
 + Level 6.7 Stealth


You had 8 spell levels left.
You didn't know any spells.
Your spell library was empty.

Dungeon Overview and Level Annotations

Branches:
Dungeon (1/1)

Altars:
Ashenzari
Cheibriados
Dithmenos
Elyvilon
Fedhas
Gozag
Hepliaklqana
Kikubaaqudgha
Makhleb
Nemelex Xobeh
Okawaru
Qazlal
Ru
Sif Muna
Trog
Uskayaw
Vehumet
Wu Jian
Xom
Yredelemnul
Zin
The Shining One
Beogh
Jiyva
Lugonu


Innate Abilities, Weirdness & Mutations

You have a pair of horns on your head.
You reflexively headbutt those who attack you in melee.
You are completely covered in iridescent scales. (AC +6)
Your skin blends seamlessly with your surroundings (Stealth++).
Your mind is acute. (Int +2)
You are clumsy. (Dex -2)
Armour fits poorly on your strangely shaped body.
Your natural rate of healing is unusually fast.
You have a small jelly attached to you that may absorb incoming projectiles.
You expend magic power (3 MP) to strengthen your wands.
Your melee attacks may engulf your foes in ooze.
You passively dampen the noise of your surroundings.


Message History

You slash the ice beast!
The ice beast is heavily wounded.
You barely miss something. You closely miss something.
Something hits you but does no damage. Something hits you!
* * * LOW HITPOINT WARNING * * *
Something drains your vigour!
You feel yourself slow down. The ice beast misses you.
You closely miss something. You barely miss the ice beast. You slash something!
Something hits you but does no damage. x2
The ice beast hits you but does no damage.
Unknown command.
You feel much better. Something barely misses you.
Something hits you but does no damage.
The jelly hits the ice beast but does no damage.
The ice beast hits you but does no damage.
Something hits you.
Unknown command.
You hit something but do no damage. You headbutt something.
You hit something but do no damage. You hit the ice beast.
Something hits you but does no damage. Something hits you!
The jelly hits the ice beast but does no damage.
The ice beast hits the jelly.
The ice beast freezes the jelly!
The ice beast is burned by acid!
Something barely misses you.
The ice beast hits the jelly.
The jelly dies!
Unknown command.
You hit something but do no damage. You barely miss the ice beast.
Something hits you but does no damage. Something hits you!
* * * LOW HITPOINT WARNING * * *
Something drains your vigour!
You feel as though you will be slow longer.
The ice beast hits you.
* * * LOW HITPOINT WARNING * * *
The ice beast freezes you!
* * * LOW HITPOINT WARNING * * *
Unknown command.
Unknown command.
Magic courses through your body. Something hits you but does no damage.
Something hits you!
You die...

†'.##.......##......#
#####...<...###....##
)[.##.......# ##.+##
))[##.......###....##
#####.......##......#
#..###########......+
#J############......#
#.#....#....###..J.##
#'#....#....# ##@Y##
#.'....'....# #.{..#
#'#....#...J##......#
'.#....#...J##S.....#
#####################


You could see a sea snake (asleep), an ice beast and a neutral jelly (wandering)
(fellow slime).

Vanquished Creatures
  A deep elf pyromancer (D)
  A cyclops (D)
  A jumping spider (D)
  A redback (D)
  An ice beast (D)
  A black bear (D)
  A necrophage (D)
  A centaur (D)
  A bullfrog (D)
  5 killer bees (D)
  A hell rat (D)
  A white imp (D)
  A ball python (D)
  A goblin (D)
  5 jackals (D)
  2 quokkas (D)
  A ball python skeleton (D)
  A frilled lizard (D)
  A jackal skeleton (D)
  A rat (D)
29 creatures vanquished.

Vanquished Creatures (collateral kills)
  A phantasmal warrior (D)
  An iron imp (D)
  A gnoll (D)
  2 jackals (D)
5 creatures vanquished.

Vanquished Creatures (others)
  2 Orb Guardians (D)
  2 quicksilver dragons (D)
  An acid blob (D)
  3 azure jellies (D)
  A rockslime (D)
  A fire giant (D)
  A yaktaur captain (D)
  A great orb of eyes (D)
  A dancing weapon (D)
  2 golden eyes (D)
  9 jellies (D)
  A black bear (D)
  An iguana (D)
  A rat (D)
27 creatures vanquished.

Grand Total: 61 creatures vanquished

Notes
Turn   | Place    | Note
-------+----------+-------------------------------------------
     0 | D        | mhtbhm the Minotaur Monk began the quest for the Orb.
     0 | D        | Reached XP level 1. HP: 19/19 MP: 0/0
    22 | D        | Found a bloodstained altar of Trog.
    22 | D        | Found a shimmering blue altar of Sif Muna.
    22 | D        | Found a viscous altar of Jiyva.
    22 | D        | Found a hazy altar of Hepliaklqana.
    22 | D        | Found an opulent altar of Gozag.
    23 | D        | Found a glowing golden altar of the Shining One.
    23 | D        | Found a glowing silver altar of Zin.
    23 | D        | Found a basalt altar of Yredelemnul.
    23 | D        | Found a shimmering altar of Xom.
    23 | D        | Found an ornate altar of the Wu Jian Council.
    23 | D        | Found a sacrificial altar of Ru.
    23 | D        | Found a stormy altar of Qazlal.
    23 | D        | Found an iron altar of Okawaru.
    23 | D        | Found a sparkling altar of Nemelex Xobeh.
    23 | D        | Found a burning altar of Makhleb.
    23 | D        | Found a blossoming altar of Fedhas.
    23 | D        | Found a white marble altar of Elyvilon.
    23 | D        | Found a shadowy altar of Dithmenos.
    23 | D        | Found a snail-covered altar of Cheibriados.
    26 | D        | Found a corrupted altar of Lugonu.
    26 | D        | Found a radiant altar of Vehumet.
    27 | D        | Found an ancient bone altar of Kikubaaqudgha.
    27 | D        | Found a hide-covered altar of Uskayaw.
    27 | D        | Found a broken altar of Ashenzari.
    62 | D        | Became a worshipper of Jiyva Jowoodee the Shapeless
    62 | D        | Reached * piety under Jiyva
    62 | D        | Reached ** piety under Jiyva
    63 | D        | Killed an Orb Guardian
    64 | D        | Killed an Orb Guardian
    66 | D        | Killed a rockslime
    69 | D        | Killed a fire giant
    70 | D        | Killed an acid blob
    70 | D        | Killed a quicksilver dragon
    71 | D        | Reached *** piety under Jiyva
    71 | D        | Gained mutation: Your translucent skin slightly reduces
                  | your foes' accuracy. (Stealth+) [Jiyva's grace]
    72 | D        | Reached **** piety under Jiyva
    72 | D        | Gained mutation: You are somewhat resistant to further
                  | mutation. [Jiyva's grace]
    72 | D        | Killed an azure jelly
    72 | D        | Killed a great orb of eyes
    76 | D        | Killed a black bear
    80 | D        | Gained mutation: You are agile. (Dex +2) [Jiyva's grace]
    80 | D        | Reached ***** piety under Jiyva
    80 | D        | Lost mutation: You are somewhat resistant to further
                  | mutation. [Jiyva's grace]
    81 | D        | Killed a yaktaur captain
    81 | D        | Lost mutation: You are agile. (Dex +2) [Jiyva's grace]
    81 | D        | Reached ****** piety under Jiyva
    82 | D        | Killed an azure jelly
    84 | D        | Killed a glowing hand axe
    84 | D        | Gained mutation: Your muscles are strong. (Str +2) [Jiyva's
                  | grace]
    84 | D        | Killed a quicksilver dragon
    87 | D        | Lost mutation: Your translucent skin slightly reduces your
                  | foes' accuracy. (Stealth+) [Jiyva's grace]
    90 | D        | Killed an azure jelly
    95 | D        | Gained mutation: You are frail. (-10% HP) [Jiyva's grace]
    98 | D        | Reached skill level 4 in Axes
   116 | D        | Gained mutation: Your translucent skin slightly reduces
                  | your foes' accuracy. (Stealth+) [Jiyva's grace]
   117 | D        | Reached XP level 2. HP: 18/25 MP: 1/1
   117 | D        | Gained mutation: Your flesh is cold resistant. (rC+)
                  | [Jiyva's grace]
   119 | D        | Lost mutation: Your flesh is cold resistant. (rC+) [Jiyva's
                  | grace]
   120 | D        | Gained mutation: You have a small jelly attached to you
                  | that may absorb incoming projectiles. [Jiyva's grace]
   121 | D        | Killed a golden eye
   121 | D        | Lost mutation: You are frail. (-10% HP) [Jiyva's grace]
   122 | D        | Lost mutation: Your muscles are strong. (Str +2) [Jiyva's
                  | grace]
   122 | D        | Gained mutation: Your rubbery body absorbs attacks. (AC +1,
                  | EV +1) [Jiyva's grace]
   124 | D        | Gained mutation: You have an increased reservoir of magic.
                  | (+10% MP) [Jiyva's grace]
   125 | D        | Gained mutation: Armour fits poorly on your pseudopods.
                  | [Jiyva's grace]
   128 | D        | Reached skill level 5 in Axes
   128 | D        | Gained mutation: You possess an exceptional clarity of
                  | mind. [Jiyva's grace]
   130 | D        | Reached skill level 5 in Fighting
   130 | D        | Reached skill level 5 in Dodging
   130 | D        | Reached XP level 3. HP: 30/36 MP: 2/2
   131 | D        | Lost mutation: Your translucent skin slightly reduces your
                  | foes' accuracy. (Stealth+) [Jiyva's grace]
   133 | D        | Lost mutation: You possess an exceptional clarity of mind.
                  | [Jiyva's grace]
   133 | D        | Lost mutation: Armour fits poorly on your pseudopods.
                  | [Jiyva's grace]
   135 | D        | Gained mutation: You are clumsy. (Dex -2) [Jiyva's grace]
   136 | D        | Lost mutation: You are clumsy. (Dex -2) [Jiyva's grace]
   140 | D        | Gained mutation: You have acidic saliva. [Jiyva's grace]
   142 | D        | Lost mutation: Your rubbery body absorbs attacks. (AC +1,
                  | EV +1) [Jiyva's grace]
   145 | D        | Gained mutation: Your melee attacks may engulf your foes in
                  | ooze. [Jiyva's grace]
   149 | D        | Lost mutation: You have an increased reservoir of magic.
                  | (+10% MP) [Jiyva's grace]
   152 | D        | Gained mutation: Your natural rate of healing is unusually
                  | fast. [Jiyva's grace]
   153 | D        | Gained mutation: Your system is resistant to poisons.
                  | (rPois) [Jiyva's grace]
   155 | D        | Gained mutation: Your flesh is cold resistant. (rC+)
                  | [Jiyva's grace]
   155 | D        | Lost mutation: Your system is resistant to poisons. (rPois)
                  | [Jiyva's grace]
   155 | D        | Gained mutation: You are partially covered in iridescent
                  | scales. (AC +2) [Jiyva's grace]
   156 | D        | Gained mutation: Potions are less effective at restoring
                  | your health. [Jiyva's grace]
   158 | D        | Lost mutation: You are partially covered in iridescent
                  | scales. (AC +2) [Jiyva's grace]
   158 | D        | Gained mutation: You have large cloven feet. [Jiyva's
                  | grace]
   160 | D        | Lost mutation: You have large cloven feet. [Jiyva's grace]
   175 | D        | Gained mutation: Your skin changes colour to match your
                  | surroundings (Stealth+). [Jiyva's grace]
   209 | D        | Lost mutation: Potions are less effective at restoring your
                  | health. [Jiyva's grace]
   212 | D        | Noticed a bullfrog
   212 | D        | Gained mutation: You sometimes lose the ability to read
                  | scrolls when taking damage. [Jiyva's grace]
   212 | D        | Gained mutation: You are clumsy. (Dex -2) [Jiyva's grace]
   213 | D        | Noticed a black bear
   217 | D        | Lost mutation: You have acidic saliva. [Jiyva's grace]
   220 | D        | Gained mutation: You are strong-willed. (Will+) [Jiyva's
                  | grace]
   221 | D        | Killed a bullfrog
   222 | D        | Reached skill level 6 in Axes
   222 | D        | Reached XP level 4. HP: 39/44 MP: 3/3
   225 | D        | Killed a black bear
   226 | D        | Reached skill level 8 in Axes
   226 | D        | Reached XP level 5. HP: 48/52 MP: 4/4
   244 | D        | Killed a golden eye
   264 | D        | Noticed an ice beast
   280 | D        | Killed an ice beast
   281 | D        | Reached skill level 9 in Axes
   281 | D        | Reached skill level 1 in Armour
   289 | D        | Noticed a cyclops
   295 | D        | Killed a cyclops
   296 | D        | Reached skill level 11 in Axes
   296 | D        | Reached skill level 5 in Stealth
   296 | D        | Reached XP level 6. HP: 64/64 MP: 5/5
   296 | D        | Reached XP level 7. HP: 70/70 MP: 6/6
   318 | D        | Reached skill level 10 in Fighting
   318 | D        | Reached skill level 12 in Axes
   324 | D        | Noticed a phantasmal warrior
   339 | D        | Reached skill level 10 in Dodging
   347 | D        | Killed a phantasmal warrior
   348 | D        | Reached XP level 8. HP: 25/81 MP: 7/7
   365 | D        | Gained mutation: Armour fits poorly on your strangely
                  | shaped body. [Jiyva's grace]
   366 | D        | Gained mutation: You are partially covered in iridescent
                  | scales. (AC +2) [Jiyva's grace]
   367 | D        | Lost mutation: Your flesh is cold resistant. (rC+) [Jiyva's
                  | grace]
   372 | D        | Lost mutation: You are strong-willed. (Will+) [Jiyva's
                  | grace]
   372 | D        | Gained mutation: Your skin blends seamlessly with your
                  | surroundings (Stealth++). [Jiyva's grace]
   378 | D        | Gained mutation: Your mind is acute. (Int +2) [Jiyva's
                  | grace]
   386 | D        | Gained mutation: You are mostly covered in iridescent
                  | scales. (AC +4) [Jiyva's grace]
   386 | D        | Gained mutation: You expend magic power (3 MP) to
                  | strengthen your wands. [Jiyva's grace]
   402 | D        | Lost mutation: You sometimes lose the ability to read
                  | scrolls when taking damage. [Jiyva's power]
   406 | D        | Gained mutation: You are completely covered in iridescent
                  | scales. (AC +6) [Jiyva's grace]
   411 | D        | Gained mutation: You passively dampen the noise of your
                  | surroundings. [Jiyva's grace]
   449 | D        | Noticed a deep elf pyromancer
   451 | D        | Noticed a jumping spider
   458 | D        | Reached skill level 13 in Axes
   460 | D        | Killed a deep elf pyromancer
   461 | D        | Reached skill level 5 in Armour
   466 | D        | Reached skill level 14 in Axes
   474 | D        | Killed a jumping spider
   505 | D        | Reached XP level 9. HP: 90/90 MP: 8/8
   512 | D        | Noticed a sea snake
   524 | D        | HP: 3/90 [ice beast (12)]
   525 | D        | Mangled by a shadow wraith

Illustrated notes

Levels and vault maps discovered:
D:        pitsprint [storerooms_1, entrance_room_1, metal_vault_2, armoury_3,
          mini_pit_1, grid_room_1, main_hall_1, silver_pit, the_coven_2,
          the_vestibule_1, steel_vault_5, golden_pit, hallway_of_sentries,
          crystal_vault_1, iron_vault_2, final_vault]

Skill      XL: |  1  2  3  4  5  6  7  8 |
---------------+-------------------------+-----
Fighting       | 4 5 6 7 9 10 11 | 11.8
Axes           | 4 5 6 8 11 12 14 | 14.4
Dodging        | 4 5 7 9 10 11 | 11.4
Stealth        | 2 3 5 6 |  6.7
Armour         | 1 3 6 |  6.1

Action                   |  1- 3 |  4- 6 |  7- 9 || total
-------------------------+-------+-------+-------++-------
Melee: Hand axe          |    22 |    24 |    32 ||    78
       Headbutt          |     5 |     4 |    12 ||    21
       Pseudopods        |     1 |       |       ||     1
       War axe           |       |       |    23 ||    23
Invok: Request Jelly     |       |       |     3 ||     3
       Cure Bad Mutation |       |       |     1 ||     1
  Use: Potion            |       |       |     6 ||     6
 Stab: Sleeping          |     2 |     1 |       ||     3
Armor: Robe              |     3 |       |       ||     3
       Scale mail        |     3 |    12 |    36 ||    51
Dodge: Dodged            |    25 |    10 |    54 ||    89

Table legend: (Time is in decaauts)
 A = Elapsed time spent in this place.
 B = Non-inter-level travel time spent in this place.
 C = Inter-level travel time spent in this place.
 D = Time resting spent in this place.
 E = Time spent auto-exploring this place.
 F = Levels seen in this place.
 G = Mean time per level.
                   A        B        C        D        E       F      G
               +--------+--------+--------+--------+--------+-----+--------+
         Total |    510 |    510 |      0 |     49 |     34 |   1 |  510.0 |
       Dungeon |    510 |    510 |      0 |     49 |     34 |   1 |  510.0 |
               +--------+--------+--------+--------+--------+-----+--------+

Top non-repeatable levels by time:
       D: 510 daAuts
